[Event "2nd Guotai Cup Belt Road 2019"]
[Site "Qinhuangdao"]
[Date "2019.04.16"]
[Round "1.3"]
[White "Yilmaz, Mustafa"]
[Black "Wu, huanghui"]
[Result "1-0"]
[ECO "D35"]
[WhiteElo "2631"]
[BlackElo "2217"]
[Annotator "RC"]
[PlyCount "137"]
[EventDate "2019.04.16"]
[EventType "swiss"]
[EventCountry "CHN"]
[SourceTitle "playchess.com"]
[Source "ChessBase"]
[SourceQuality "1"]
[TimeControl "5400+30"]

1. c4 e6 2. Nc3 d5 3. d4 Nf6 4. cxd5 exd5 5. Bg5 c6 6. e3 h6 7. Bh4 Bf5 8. Qf3 Bg6 9. Bxf6 Qxf6 10. Qxf6 gxf6 11. Nf3 a5 12. Nh4 b5 13. a4 b4 14. Ne2 Nd7 15. Nf4 Bc2 16. Be2 Bd6 17. Kd2 Bb3 18. Nd3 Nb6 19. Bd1 Nc4+ 20. Ke2 Bxd1+ 21. Rhxd1 b3 22. Nf5 Kd7 23. h4 Rag8 24. Kf3 h5 25. Rac1 Ke6 26. Nxd6 Kxd6 27. Rc3 Rb8 28. g3 Rhg8 29. Re1 Rb6 30. Ke2 Ke6 31. Rec1 Kf5 32. Rxc4 dxc4 33. Rxc4 Rd8 34. Kf3 Kg6 35. Rc5 Ra8 36. Nf4+ Kg7 37. Nd3 Kg6 38. Ke2 f5 39. Kd2 Kf6 40. Kc3 Raa6 41. Re5 Ra8 42. Nf4 Rb4 43. Nxh5+ Kg6 44. Nf4+ Kf6 45. Rc5 Rxa4 46. Rxc6+ Kg7 47. Kxb3 Ra1 48. Kc2 Rf1 49. Nd3 a4 50. Kd2 a3 51. bxa3 Rxa3 52. Ke2 Rb1 53. Rc7 Rba1 54. Ne5 R3a2+ 55. Kf3 Rf1 56. Nd3 Rd1 57. Rc3 Rad2 58. Nf4 Rf1 59. Nh3 Rh1 60. Kg2 Ra1 61. Rc5 Kf6 62. Rc6+ Kg7 63. h5 f6 64. Rc5 Re1 65. Kf3 Rh1 66. Rxf5 Rh2 67. Kg4 Rd1 68. Nf4 Rf1 69. Ne6+ 1-0

[Event "2nd Guotai Cup Belt Road 2019"]
[Site "Qinhuangdao"]
[Date "2019.04.16"]
[Round "1.7"]
[White "Can, Emre"]
[Black "Zhang, Lanlin"]
[Result "1/2-1/2"]
[ECO "D26"]
[WhiteElo "2599"]
[BlackElo "2192"]
[Annotator "ChessBase"]
[PlyCount "93"]
[EventDate "2019.04.16"]
[EventType "swiss"]
[EventCountry "CHN"]
[SourceTitle "playchess.com"]
[Source "ChessBase"]
[SourceQuality "1"]
[TimeControl "5400+30"]

1. d4 d5 2. Nf3 Nf6 3. c4 dxc4 4. e3 e6 5. Bxc4 c5 6. Qe2 Nc6 7. O-O Be7 8. dxc5 O-O 9. e4 Nd4 10. Nxd4 Qxd4 11. Nc3 Bxc5 12. Rd1 Qe5 13. Kh1 Nh5 14. g3 g6 15. Bh6 Ng7 16. Bf4 Qf6 17. e5 Qe7 18. Ne4 a6 19. Nf6+ Kh8 20. Qg4 b5 21. Qh4 Nh5 22. Be2 Nxf6 23. exf6 Qb7+ 24. Kg1 Bd7 25. Rd3 Qe4 26. Rxd7 Qxe2 27. Rf1 Qxb2 28. Bg5 h5 29. Bf4 Kg8 30. Qg5 Rfc8 31. Be5 Qe2 32. Bd6 Bxd6 33. Rxd6 Kh7 34. Rd7 Rf8 35. Rc1 Qg4 36. Qe5 Qf5 37. Qd4 Kg8 38. Rcc7 Rac8 39. Rxf7 Rxc7 40. Rxc7 Qxf6 41. Qe3 e5 42. Rb7 Qf3 43. Qb6 Qd1+ 44. Kg2 Qf3+ 45. Kg1 Qd1+ 46. Kg2 Qf3+ 47. Kg1 1/2-1/2

[Event "2nd Guotai Cup Belt Road 2019"]
[Site "Qinhuangdao"]
[Date "2019.04.16"]
[Round "1.8"]
[White "Li, Yunshan"]
[Black "Oleksiyenko, Mykhaylo"]
[Result "1/2-1/2"]
[ECO "A62"]
[WhiteElo "2191"]
[BlackElo "2598"]
[Annotator "ChessBase"]
[PlyCount "128"]
[EventDate "2019.04.16"]
[EventType "swiss"]
[EventCountry "CHN"]
[SourceTitle "playchess.com"]
[Source "ChessBase"]
[SourceQuality "1"]
[TimeControl "5400+30"]

1. d4 Nf6 2. c4 e6 3. g3 c5 4. d5 exd5 5. cxd5 d6 6. Nc3 g6 7. Bg2 Bg7 8. Nf3 O-O 9. O-O Re8 10. Bf4 Na6 11. Re1 Bg4 12. e4 Nd7 13. Qd2 c4 14. Bxd6 Nac5 15. Bxc5 Nxc5 16. e5 Nd3 17. Re4 Bxf3 18. Bxf3 Nxe5 19. Bg2 Rc8 20. Rd1 Qd6 21. Qe2 Red8 22. Nb5 Qc5 23. Na3 Rxd5 24. Rxd5 Qxd5 25. Rxc4 Qd7 26. Rxc8+ Qxc8 27. Qd2 a6 28. b3 b5 29. Nc2 Qf5 30. Qe2 Bf8 31. Qe4 Qf6 32. Ne3 Bc5 33. b4 Bxe3 34. Qxe3 Nc4 35. Qc1 Qd6 36. a3 Qd4 37. Bb7 Qd7 38. Bg2 h5 39. h4 Qd3 40. a4 Qb3 41. axb5 axb5 42. Qe1 Nd6 43. Qd2 Qb1+ 44. Kh2 Nf5 45. Bc6 Qf1 46. Be4 Kh7 47. Bxf5 gxf5 48. Qf4 Qd3 49. Qg5 Qf3 50. Qd2 Kg6 51. Qd6+ f6 52. Qc5 f4 53. Qc2+ f5 54. Qd2 Kf7 55. Qd7+ Kf6 56. Qd6+ Kf7 57. Qd7+ Kf6 58. Qd4+ Kf7 59. gxf4 Qg4 60. Qd7+ Kf6 61. Qd6+ Kf7 62. Qc7+ Kf6 63. Qc6+ Kf7 64. Qd7+ Kf6 1/2-1/2

[Event "2nd Guotai Cup Belt Road 2019"]
[Site "Qinhuangdao"]
[Date "2019.04.16"]
[Round "1.9"]
[White "Idani, Pouya"]
[Black "Ma, Lin"]
[Result "1-0"]
[ECO "C44"]
[WhiteElo "2590"]
[BlackElo "2167"]
[Annotator "ChessBase"]
[PlyCount "61"]
[EventDate "2019.04.16"]
[EventType "swiss"]
[EventCountry "CHN"]
[SourceTitle "playchess.com"]
[Source "ChessBase"]
[SourceQuality "1"]
[TimeControl "5400+30"]

1. e4 e5 2. Nf3 Nf6 3. d3 Nc6 4. g3 Bc5 5. Bg2 d6 6. c3 Bb6 7. O-O O-O 8. b4 Re8 9. Nbd2 a6 10. Bb2 h6 11. a3 Nh7 12. d4 Ng5 13. Nxg5 hxg5 14. d5 Nb8 15. c4 c5 16. Kh1 g4 17. Nb3 Qc7 18. Rc1 a5 19. f4 gxf3 20. Qxf3 axb4 21. axb4 Re7 22. b5 Ra4 23. g4 Nd7 24. g5 Nf8 25. Bh3 Bxh3 26. Qxh3 Ng6 27. Rc3 Nf4 28. Qh4 Ba5 29. Re3 Re8 30. Rxf4 exf4 31. Rh3 1-0

[Event "2nd Guotai Cup Belt Road 2019"]
[Site "Qinhuangdao"]
[Date "2019.04.16"]
[Round "1.10"]
[White "Otgonjargal, Sengeravdan"]
[Black "Xu, Yinglun"]
[Result "0-1"]
[ECO "B82"]
[WhiteElo "2162"]
[BlackElo "2532"]
[Annotator "RC"]
[PlyCount "90"]
[EventDate "2019.04.16"]
[EventType "swiss"]
[EventCountry "CHN"]
[SourceTitle "playchess.com"]
[Source "ChessBase"]
[SourceQuality "1"]
[TimeControl "5400+30"]

1. e4 c5 2. Nf3 e6 3. Nc3 a6 4. d4 cxd4 5. Nxd4 d6 6. Bd3 Nf6 7. O-O Nbd7 8. Kh1 Qc7 9. f4 Be7 10. Qf3 b5 11. a3 Bb7 12. Bd2 O-O 13. Qh3 Nc5 14. Rae1 Rfd8 15. Nf3 e5 16. Nh4 d5 17. exd5 e4 18. Nf5 Bf8 19. Nxe4 Nfxe4 20. Rxe4 Nxe4 21. Bxe4 g6 22. Bc3 Bxd5 23. Qh4 Bxe4 24. Qf6 Qxc3 25. Ne7+ Bxe7 26. Qxc3 Bf8 27. Re1 Rac8 28. Qa5 Bb7 29. h4 Rd6 30. Re2 Rdc6 31. c3 Bd6 32. a4 Bc7 33. Qb4 Rc4 34. Qe7 Rxf4 35. Kg1 Bc6 36. Qc5 Rxh4 37. Kf2 Rf4+ 38. Kg1 Rf6 39. Qe7 Rf5 40. Rd2 Re5 41. Qf6 Re6 42. Qh4 Rce8 43. Kf2 Bb6+ 44. Kg3 Re3+ 45. Kh2 Bc7+ {[%emt 0:00:04] Qe1 [%emt 00:00:36]} 0-1

[Event "2nd Guotai Cup Belt Road 2019"]
[Site "Qinhuangdao"]
[Date "2019.04.19"]
[Round "4.2"]
[White "Xu, Yinglun"]
[Black "Yilmaz, Mustafa"]
[Result "1/2-1/2"]
[ECO "D38"]
[WhiteElo "2532"]
[BlackElo "2631"]
[Annotator "ChessBase"]
[PlyCount "41"]
[EventDate "2019.04.16"]
[EventType "swiss"]
[EventCountry "CHN"]
[SourceTitle "playchess.com"]
[Source "ChessBase"]
[SourceQuality "1"]
[TimeControl "5400+30"]

1. Nf3 d5 2. d4 Nf6 3. c4 e6 4. Nc3 Bb4 5. Bg5 h6 6. Bxf6 Qxf6 7. e3 O-O 8. Qb3 c5 9. cxd5 exd5 10. dxc5 Bxc3+ 11. Qxc3 Qxc3+ 12. bxc3 Nd7 13. Rd1 Nf6 14. Nd4 Bd7 15. f3 Rfc8 16. Rb1 Rab8 17. Nb3 Ba4 18. Bd3 g6 19. Kd2 Nd7 20. Rhc1 Nxc5 21. Nxc5 1/2-1/2

[Event "2nd Guotai Cup Belt Road 2019"]
[Site "Qinhuangdao"]
[Date "2019.04.19"]
[Round "4.3"]
[White "Antipov, Mikhail Al."]
[Black "Peng, Hongchi"]
[Result "1-0"]
[ECO "D78"]
[WhiteElo "2605"]
[BlackElo "2347"]
[Annotator "RC"]
[PlyCount "59"]
[EventDate "2019.04.16"]
[EventType "swiss"]
[EventCountry "CHN"]
[SourceTitle "playchess.com"]
[Source "ChessBase"]
[SourceQuality "1"]
[TimeControl "5400+30"]

1. g3 d5 2. Nf3 g6 3. c4 c6 4. d4 Bg7 5. Bg2 Nf6 6. O-O O-O 7. b3 b6 8. Bb2 Bb7 9. Qc2 Na6 10. Nc3 c5 11. dxc5 dxc4 12. bxc4 Nxc5 13. Rfd1 Qc8 14. Nd5 Nxd5 15. cxd5 Ne4 16. Qxe4 Bxb2 17. Rab1 Bf6 18. Qf4 Qb8 19. d6 Kg7 20. e4 exd6 21. Rxd6 Bd8 22. Rc1 Re8 23. Ne5 f5 24. Rd7+ Kg8 25. Qh6 Re7 26. Nxg6 hxg6 27. Qxg6+ Kf8 28. Qxf5+ Kg7 29. Rcd1 Bc6 30. R1d6 1-0

[Event "2nd Guotai Cup Belt Road 2019"]
[Site "Qinhuangdao"]
[Date "2019.04.19"]
[Round "4.7"]
[White "Oleksiyenko, Mykhaylo"]
[Black "Chen, Qi b"]
[Result "1/2-1/2"]
[ECO "C54"]
[WhiteElo "2598"]
[BlackElo "2424"]
[Annotator "RC"]
[PlyCount "30"]
[EventDate "2019.04.16"]
[EventType "swiss"]
[EventCountry "CHN"]
[SourceTitle "playchess.com"]
[Source "ChessBase"]
[SourceQuality "1"]
[TimeControl "5400+30"]

1. e4 e5 2. Nf3 Nc6 3. Bc4 Bc5 4. c3 Nf6 5. d4 exd4 6. e5 d5 7. Bb5 Ne4 8. cxd4 Bb6 9. Nc3 Bg4 10. Be3 O-O 11. h3 Bh5 12. Qc2 Bxf3 13. gxf3 Ng5 14. O-O-O Nxf3 15. Bxc6 bxc6 1/2-1/2

[Event "2nd Guotai Cup Belt Road 2019"]
[Site "Qinhuangdao"]
[Date "2019.04.19"]
[Round "4.9"]
[White "Karthik Venkataraman"]
[Black "Hu, Yu A."]
[Result "1-0"]
[ECO "A45"]
[WhiteElo "2505"]
[BlackElo "2051"]
[Annotator "ChessBase"]
[PlyCount "67"]
[EventDate "2019.04.16"]
[EventType "swiss"]
[EventCountry "CHN"]
[SourceTitle "playchess.com"]
[Source "ChessBase"]
[SourceQuality "1"]
[TimeControl "5400+30"]

1. d4 Nf6 2. Bg5 Ne4 3. Bf4 d5 4. e3 c5 5. Bd3 Nf6 6. Nc3 cxd4 7. exd4 e6 8. Nb5 Na6 9. c3 Be7 10. h3 O-O 11. Nf3 Bd7 12. a4 Bxb5 13. axb5 Nb8 14. O-O Nbd7 15. b3 Nb6 16. c4 dxc4 17. bxc4 g6 18. Qe2 Qd7 19. Rfe1 Nh5 20. Be5 Rfd8 21. Qe3 Qc8 22. g4 Nf6 23. Qh6 Bf8 24. Qh4 Nfd7 25. Bf4 Bg7 26. Rac1 e5 27. dxe5 Nc5 28. Bf1 Nb3 29. Rcd1 Rxd1 30. Rxd1 Nxc4 31. Ng5 h6 32. Nxf7 Ncd2 33. Nxh6+ Bxh6 34. Qxh6 1-0

[Event "2nd Guotai Cup Belt Road 2019"]
[Site "Qinhuangdao"]
[Date "2019.04.20"]
[Round "5.6"]
[White "Zhao, Chenxi"]
[Black "Zvjaginsev, Vadim"]
[Result "0-1"]
[ECO "B50"]
[WhiteElo "2367"]
[BlackElo "2641"]
[Annotator "RC"]
[PlyCount "58"]
[EventDate "2019.04.16"]
[EventType "swiss"]
[EventCountry "CHN"]
[SourceTitle "playchess.com"]
[Source "ChessBase"]
[SourceQuality "1"]
[TimeControl "5400+30"]

1. e4 c5 2. Nf3 e6 3. Nc3 d6 4. b3 Nf6 5. Bb2 Be7 6. d4 Qa5 7. Bb5+ Bd7 8. Bxd7+ Nbxd7 9. O-O cxd4 10. Qxd4 O-O 11. Nd2 Qc5 12. Qxc5 Nxc5 13. Rad1 Rfd8 14. f3 d5 15. exd5 exd5 16. Rfe1 Ne6 17. Ncb1 Rac8 18. c4 dxc4 19. Nxc4 b5 20. Rxd8+ Bxd8 21. Nca3 Bb6+ 22. Kh1 Nf4 23. Rd1 a6 24. Bxf6 gxf6 25. g3 Ne2 26. Kg2 Rc1 27. Rd2 Nd4 28. Rd3 Ne6 29. Rd2 Ng5 0-1

[Event "2nd Guotai Cup Belt Road 2019"]
[Site "Qinhuangdao"]
[Date "2019.04.20"]
[Round "5.8"]
[White "Chen, Qi b"]
[Black "Wu, Wenjin"]
[Result "1-0"]
[ECO "C41"]
[WhiteElo "2424"]
[BlackElo "2345"]
[Annotator "NA"]
[PlyCount "158"]
[EventDate "2019.04.16"]
[EventType "swiss"]
[EventCountry "CHN"]
[SourceTitle "playchess.com"]
[Source "ChessBase"]
[SourceQuality "1"]
[TimeControl "5400+30"]

1. e4 e5 2. Nf3 d6 3. d4 exd4 4. Nxd4 Be7 5. Nc3 Nf6 6. g3 d5 7. e5 Ne4 8. Nxe4 $1 dxe4 9. e6 Qd5 10. Nb5 (10. exf7+ $14 Qxf7 11. Be3) 10... Qxd1+ 11. Kxd1 Na6 12. exf7+ Kxf7 13. Bc4+ Kg6 14. h3 Rd8+ 15. Ke2 c6 16. Nc3 b5 17. Bb3 Nc5 18. Be3 $15 a5 19. Bxc5 Bxc5 20. a4 Bd4 21. axb5 Bxc3 22. bxc3 cxb5 23. Ke3 a4 24. Ba2 Ra6 25. Rab1 Rc6 26. c4 Be6 27. Rxb5 Bxc4 28. Bxc4 Rxc4 29. Ra1 Rf8 30. Ra2 Rf5 31. Rb6+ Rf6 32. Rb5 h5 33. Ra5 Rc3+ 34. Kd4 Rcf3 35. c4 e3 36. fxe3 Rxg3 37. R5xa4 Rxh3 38. Ra6 Rh1 39. Rg2+ Kh6 40. Rxf6+ gxf6 41. Rc2 Rd1+ 42. Ke4 h4 43. c5 Kg5 44. c6 Rd8 45. Rg2+ Kh5 46. c7 Rc8 47. Rg7 Kh6 48. Rd7 h3 49. Kf3 Kg5 50. Kg3 Kf5 51. Kxh3 Ke4 52. Kg4 Ke5 53. Re7+ Kd6 54. Rg7 Ke5 55. Kf3 Ra8 56. Rg1 Kd6 57. Rg7 Ke5 58. Re7+ Kd6 59. Rh7 Ke5 60. Kg4 Ra4+ 61. Kh5 Rc4 62. Kg6 Ke6 63. e4 Rc1 64. Rg7 Rc2 65. Rh7 Rc1 66. Rg7 Rc2 67. Rh7 Rc1 68. Rf7 Rg1+ 69. Kh5 Rc1 70. Rg7 Ke5 71. Re7+ Kd6 72. Rh7 Ke5 73. Kg6 Ke6 74. Kh6 Ke5 75. Re7+ Kd6 76. Rf7 Ke6 77. Kg7 Rg1+ 78. Kf8 Rc1 79. Ke8 Kd6 1-0

[Event "2nd Guotai Cup Belt Road 2019"]
[Site "Qinhuangdao"]
[Date "2019.04.20"]
[Round "5.9"]
[White "Peng, Hongchi"]
[Black "Zhang, Ziji"]
[Result "1-0"]
[ECO "C92"]
[WhiteElo "2347"]
[BlackElo "2414"]
[Annotator "NA"]
[PlyCount "147"]
[EventDate "2019.04.16"]
[EventType "swiss"]
[EventCountry "CHN"]
[SourceTitle "playchess.com"]
[Source "ChessBase"]
[SourceQuality "1"]
[TimeControl "5400+30"]

1. e4 e5 2. Nf3 Nc6 3. Bb5 a6 4. Ba4 Nf6 5. O-O Be7 6. Re1 b5 7. Bb3 d6 8. c3 O-O 9. h3 Bb7 10. d4 Re8 11. Ng5 Rf8 12. Nf3 Re8 13. Nbd2 Bf8 14. a4 h6 15. Bc2 exd4 16. cxd4 Nb4 17. Bb1 c5 18. d5 c4 ({Black should try} 18... Nd7 $11) 19. Ra3 (19. Nd4 $14) 19... Nd7 20. Ree3 Rc8 21. Nd4 Ne5 22. axb5 axb5 23. N2f3 Ned3 24. Nxb5 Qb6 25. Nc3 g6 (25... Nxc1 $14 26. Qxc1 Be7) 26. Na4 ({Don't do} 26. Bxd3 Nxd3 27. Na4 Qb5 $16) 26... Qa7 27. Bd2 Bg7 $16 28. Bc3 Nxd5 29. Rxd3 cxd3 30. exd5 Bxd5 31. Bxd3 Qb7 32. Bxg7 Bxf3 33. Qxf3 Rc1+ 34. Kh2 Qxf3 35. gxf3 Kxg7 36. f4 Rb8 37. Rc3 Rxc3 38. bxc3 Kf6 39. Kg2 g5 40. Kf3 Rb3 41. fxg5+ hxg5 42. Kg4 Rb8 43. f3 Rb7 44. Be4 Rb8 45. c4 Rh8 46. Nb6 Rh4+ 47. Kg3 Ke5 48. Bd5 Kf6 49. Nc8 Ke5 50. Bxf7 Rd4 51. Bd5 Rh4 52. Ne7 Kf6 53. Nc6 Rf4 54. Be4 Rh4 55. Nb4 Rh8 56. Nd3 Rc8 57. Bd5 Kf5 58. Nf2 Rb8 59. Be4+ Kf6 60. Ng4+ Ke6 61. Bd5+ Kf5 62. Nh6+ Kg6 63. Ng4 Kf5 64. Nf2 Rb6 65. Ne4 Ra6 66. Bb7 Rb6 67. Bc8+ Kg6 68. Be6 Ra6 69. Bd7 Rb6 70. Kg4 Rb1 71. Be8+ Kh6 72. Nxd6 Rg1+ 73. Kf5 Rg3 74. Nf7+ 1-0

[Event "2nd Guotai Cup Belt Road 2019"]
[Site "Qinhuangdao"]
[Date "2019.04.20"]
[Round "5.10"]
[White "Ma, Lin"]
[Black "Peng, Xiongjian"]
[Result "0-1"]
[ECO "A60"]
[WhiteElo "2167"]
[BlackElo "2459"]
[Annotator "ChessBase"]
[PlyCount "114"]
[EventDate "2019.04.16"]
[EventType "swiss"]
[EventCountry "CHN"]
[SourceTitle "playchess.com"]
[Source "ChessBase"]
[SourceQuality "1"]
[TimeControl "5400+30"]

1. d4 Nf6 2. c4 c5 3. d5 e6 4. Nc3 exd5 5. cxd5 Bd6 6. Nf3 O-O 7. Nd2 Bc7 8. e4 Re8 9. Be2 Be5 10. O-O a6 11. a4 Qc7 12. h3 d6 13. Re1 Nbd7 14. Bd3 Bxc3 15. bxc3 Ne5 16. Bf1 c4 17. Qc2 Bd7 18. f4 Ng6 19. Nxc4 Nxd5 20. Ba3 Ndxf4 21. Nxd6 Re6 22. Nf5 Ne5 23. Qf2 Nfg6 24. Qd4 Rc8 25. Re3 Qb6 26. Nd6 Rc6 27. a5 Qc7 28. Nf5 h6 29. Bb4 Rf6 30. Be7 Rfe6 31. Bb4 Kh7 32. Rd1 Rf6 33. Be7 Rfe6 34. Bb4 Bc8 35. Ree1 Rf6 36. Qf2 Be6 37. Be2 Qc8 38. Rf1 Bb3 39. Rd4 Rce6 40. Qe3 Qc6 41. Ng3 Rxf1+ 42. Bxf1 Qc7 43. Rd2 Nh4 44. Rf2 Bc4 45. Nf5 Nhg6 46. Qd4 Bxf1 47. Rxf1 Qc6 48. Nd6 Re7 49. Qd5 f6 50. Qd4 Rd7 51. Rd1 Qa4 52. Rd2 Nc6 53. Qc5 Qa1+ 54. Kh2 Qe1 55. Qf5 Qxd2 56. Qxd7 Nxb4 57. cxb4 Nh4 0-1

[Event "2nd Guotai Cup Belt Road 2019"]
[Site "Qinhuangdao"]
[Date "2019.04.24"]
[Round "7.7"]
[White "Fang, Yuxiang"]
[Black "Xu, Yinglun"]
[Result "0-1"]
[ECO "D27"]
[WhiteElo "2472"]
[BlackElo "2532"]
[Annotator "ChessBase"]
[PlyCount "96"]
[EventDate "2019.04.16"]
[EventType "swiss"]
[EventCountry "CHN"]
[SourceTitle "playchess.com"]
[Source "ChessBase"]
[SourceQuality "1"]
[TimeControl "5400+30"]

1. d4 d5 2. Nf3 Nf6 3. c4 e6 4. Nc3 dxc4 5. e3 a6 6. a4 c5 7. Bxc4 Nc6 8. O-O Be7 9. Qe2 O-O 10. dxc5 Bxc5 11. e4 Ng4 12. e5 Nd4 13. Nxd4 Qxd4 14. Ne4 Nxe5 15. Be3 Qxe4 16. Bxc5 Qxe2 17. Bxe2 Rd8 18. f4 Ng6 19. Rad1 Rd5 20. f5 Ne5 21. Bd6 Rxd1 22. Rxd1 Nc6 23. b4 exf5 24. Bc7 f6 25. Bc4+ Kf8 26. b5 axb5 27. axb5 Ne5 28. Rd8+ Ke7 29. Bd5 Ng4 30. g3 Ra1+ 31. Kg2 Ne3+ 32. Kf3 Nxd5 33. Rxd5 Bd7 34. Rc5 Ra3+ 35. Kf2 Ra2+ 36. Kg1 Rb2 37. b6 Ke6 38. h4 Bc6 39. Kf1 Be4 40. Bd8 Kd7 41. Bc7 g5 42. Rc3 h6 43. Re3 Ke6 44. Rc3 f4 45. gxf4 gxh4 46. Kg1 Kf5 47. Bd8 Kg4 48. Bxf6 h3 0-1

[Event "2nd Guotai Cup Belt Road 2019"]
[Site "Qinhuangdao"]
[Date "2019.04.24"]
[Round "7.9"]
[White "Peng, Hongchi"]
[Black "Wu, Wenjin"]
[Result "0-1"]
[ECO "C66"]
[WhiteElo "2347"]
[BlackElo "2345"]
[Annotator "ChessBase"]
[PlyCount "92"]
[EventDate "2019.04.16"]
[EventType "swiss"]
[EventCountry "CHN"]
[SourceTitle "playchess.com"]
[Source "ChessBase"]
[SourceQuality "1"]
[TimeControl "5400+30"]

1. e4 e5 2. Nf3 Nc6 3. Bb5 Nf6 4. d3 d6 5. O-O Bd7 6. c4 g6 7. Nc3 Bg7 8. Be3 O-O 9. h3 Nh5 10. Bxc6 bxc6 11. d4 exd4 12. Bxd4 Bh6 13. Re1 Rb8 14. b3 c5 15. Be3 Bg7 16. e5 Bc6 17. Nd5 Bxd5 18. Qxd5 dxe5 19. Qxc5 Re8 20. Rad1 Qc8 21. Qc6 e4 22. Ng5 Bc3 23. Nxf7 Nf6 24. Ng5 h6 25. Bxa7 Qb7 26. Qc5 Ra8 27. Re3 Qxa7 28. Qc6 Qb6 29. Qxb6 cxb6 30. Rxc3 hxg5 31. a4 Kf7 32. c5 Rac8 33. Rdc1 Nd5 34. Rc4 Nf4 35. Kh2 Nd3 36. R1c3 Rxc5 37. Kg3 Rec8 38. f3 Rxc4 39. bxc4 Nc5 40. Ra3 Ra8 41. fxe4 Rxa4 42. Rxa4 Nxa4 43. Kg4 Nc5 44. e5 Nd3 45. e6+ Kf6 46. e7 Ne5+ 0-1

[Event "2nd Guotai Cup Belt Road 2019"]
[Site "Qinhuangdao"]
[Date "2019.04.24"]
[Round "8.3"]
[White "Zvjaginsev, Vadim"]
[Black "Yilmaz, Mustafa"]
[Result "1/2-1/2"]
[ECO "A06"]
[WhiteElo "2641"]
[BlackElo "2631"]
[Annotator "ChessBase"]
[PlyCount "45"]
[EventDate "2019.04.16"]
[EventType "swiss"]
[EventCountry "CHN"]
[SourceTitle "playchess.com"]
[Source "ChessBase"]
[SourceQuality "1"]
[TimeControl "5400+30"]

1. Nf3 d5 2. b3 c5 3. e3 Nf6 4. Bb2 Nc6 5. Bb5 Bd7 6. O-O e6 7. Re1 Be7 8. d4 O-O 9. dxc5 Bxc5 10. Nbd2 Qe7 11. a3 a6 12. Bd3 Ba7 13. c4 dxc4 14. Nxc4 Rfd8 15. Qe2 Rac8 16. Rac1 Be8 17. Bb1 b5 18. Ncd2 Bb8 19. g3 Bd6 20. b4 a5 21. Bxf6 gxf6 22. Qxb5 axb4 23. axb4 1/2-1/2

[Event "2nd Guotai Cup Belt Road 2019"]
[Site "Qinhuangdao"]
[Date "2019.04.24"]
[Round "8.4"]
[White "Lu, Shanglei"]
[Black "Dai, Changren"]
[Result "1-0"]
[ECO "C91"]
[WhiteElo "2625"]
[BlackElo "2472"]
[Annotator "ChessBase"]
[PlyCount "67"]
[EventDate "2019.04.16"]
[EventType "swiss"]
[EventCountry "CHN"]
[SourceTitle "playchess.com"]
[Source "ChessBase"]
[SourceQuality "1"]
[TimeControl "5400+30"]

1. e4 e5 2. Nf3 Nc6 3. Bb5 a6 4. Ba4 Nf6 5. O-O Be7 6. Re1 b5 7. Bb3 O-O 8. d4 d6 9. c3 Bg4 10. Be3 exd4 11. cxd4 Na5 12. Bc2 c5 13. h3 Bh5 14. g4 Bg6 15. Nbd2 Nd7 16. Qe2 Re8 17. a4 c4 18. axb5 axb5 19. d5 Nc5 20. Nd4 Bf6 21. f3 Qb6 22. g5 Bxd4 23. Bxd4 Qc7 24. f4 b4 25. Qf3 b3 26. Bb1 Bf5 27. Qc3 Bd7 28. Bxg7 Na4 29. Rxa4 Bxa4 30. Bh6 f5 31. gxf6 Kf7 32. Nf3 Qc5+ 33. Kf1 Rg8 34. e5 1-0

[Event "2nd Guotai Cup Belt Road 2019"]
[Site "Qinhuangdao"]
[Date "2019.04.24"]
[Round "8.5"]
[White "Oleksiyenko, Mykhaylo"]
[Black "Oparin, Grigoriy"]
[Result "1/2-1/2"]
[ECO "C95"]
[WhiteElo "2598"]
[BlackElo "2624"]
[Annotator "RC"]
[PlyCount "100"]
[EventDate "2019.04.16"]
[EventType "swiss"]
[EventCountry "CHN"]
[SourceTitle "playchess.com"]
[Source "ChessBase"]
[SourceQuality "1"]
[TimeControl "5400+30"]

1. e4 e5 2. Nf3 Nc6 3. Bb5 a6 4. Ba4 Nf6 5. O-O Be7 6. Re1 b5 7. Bb3 d6 8. c3 O-O 9. h3 Nb8 10. d4 Nbd7 11. Nbd2 Bb7 12. Bc2 Re8 13. Nf1 Bf8 14. Ng3 g6 15. a4 Nb6 16. b3 bxa4 17. bxa4 a5 18. Bd3 Bg7 19. Rb1 Rb8 20. Bb5 c6 21. Bf1 Qc7 22. Ba3 Red8 23. Qc2 Nfd7 24. Rbd1 c5 25. dxe5 Nxe5 26. Nxe5 Bxe5 27. Bb5 d5 28. exd5 Nxd5 29. Ne4 Nf4 30. Bc1 Nxg2 31. Kxg2 f5 32. f3 fxe4 33. fxe4 Qe7 34. Bc4+ Kh8 35. Bd5 Qh4 36. Re3 Rf8 37. Qe2 Qf4 38. Kh1 Ba6 39. c4 Rb1 40. Rc3 Qf6 41. Rcd3 Bc8 42. Qg2 Qh4 43. Bg5 Rxd1+ 44. Rxd1 Qxh3+ 45. Qxh3 Bxh3 46. Be7 Rf2 47. Bxc5 Rh2+ 48. Kg1 Rg2+ 49. Kh1 Rh2+ 50. Kg1 Rg2+ 1/2-1/2

[Event "2nd Guotai Cup Belt Road 2019"]
[Site "Qinhuangdao"]
[Date "2019.04.24"]
[Round "8.6"]
[White "Antipov, Mikhail Al."]
[Black "Chen, Qi b"]
[Result "1/2-1/2"]
[ECO "E06"]
[WhiteElo "2605"]
[BlackElo "2424"]
[Annotator "ChessBase"]
[PlyCount "65"]
[EventDate "2019.04.16"]
[EventType "swiss"]
[EventCountry "CHN"]
[SourceTitle "playchess.com"]
[Source "ChessBase"]
[SourceQuality "1"]
[TimeControl "5400+30"]

1. Nf3 Nf6 2. c4 e6 3. g3 d5 4. Bg2 Be7 5. d4 O-O 6. Nc3 Nbd7 7. b3 dxc4 8. bxc4 c5 9. dxc5 Nxc5 10. O-O Bd7 11. Ne5 Qa5 12. Bd2 Qa6 13. Be3 Rfd8 14. Rb1 Bc6 15. Nxc6 bxc6 16. Qc2 Qxc4 17. Rfc1 Qa6 18. Nb5 Rac8 19. Nd4 Nd5 20. Bd2 Bf8 21. e3 e5 22. Bf1 Qa3 23. Nb3 Na6 24. Qe4 Nab4 25. Bc4 Nb6 26. Bf1 Nxa2 27. Rxc6 Rxc6 28. Qxc6 Qe7 29. Qe4 Rxd2 30. Nxd2 Nc3 31. Qc2 Nxb1 32. Qxb1 Qb4 33. Qa2 1/2-1/2

[Event "2nd Guotai Cup Belt Road 2019"]
[Site "Qinhuangdao"]
[Date "2019.04.24"]
[Round "8.7"]
[White "Wu, Wenjin"]
[Black "Zou, Chen"]
[Result "1-0"]
[ECO "A43"]
[WhiteElo "2345"]
[BlackElo "2397"]
[Annotator "NA"]
[PlyCount "73"]
[EventDate "2019.04.16"]
[EventType "swiss"]
[EventCountry "CHN"]
[SourceTitle "playchess.com"]
[Source "ChessBase"]
[SourceQuality "1"]
[TimeControl "5400+30"]

1. d4 Nf6 2. Nf3 c5 3. d5 g6 4. Nc3 d6 5. e4 Bg7 6. h3 O-O 7. a4 Na6 8. Bc4 Nc7 9. O-O Bd7 10. Re1 Qc8 11. Bf4 a6 12. e5 dxe5 13. Nxe5 Nce8 14. Bf1 Nd6 15. Nxd7 Qxd7 16. a5 Nb5 17. Na4 Qf5 18. Bg3 Nh5 19. Bh4 e6 20. dxe6 fxe6 21. c3 Bf6 22. Bd3 Qf4 23. Re4 Qc7 24. Bxf6 Rxf6 25. Nb6 Raf8 26. Qg4 Ng7 27. Re2 Nd6 28. Qa4 R8f7 29. Rd1 Rf4 30. Bc4 Ne4 31. Bxe6 Ng3 32. Bxf7+ Kf8 33. Re8+ Kxf7 34. Rd7+ Kxe8 35. Rxc7+ Rxa4 36. Nxa4 Ne2+ 37. Kf1 1-0

[Event "2nd Guotai Cup Belt Road 2019"]
[Site "Qinhuangdao"]
[Date "2019.04.24"]
[Round "8.8"]
[White "Karthik Venkataraman"]
[Black "Zhao, Chenxi"]
[Result "0-1"]
[ECO "A15"]
[WhiteElo "2505"]
[BlackElo "2367"]
[Annotator "ChessBase"]
[PlyCount "120"]
[EventDate "2019.04.16"]
[EventType "swiss"]
[EventCountry "CHN"]
[SourceTitle "playchess.com"]
[Source "ChessBase"]
[SourceQuality "1"]
[TimeControl "5400+30"]

1. c4 Nf6 2. g3 g6 3. Bg2 Bg7 4. b3 O-O 5. Bb2 c6 6. Nf3 d6 7. O-O e5 8. d3 Re8 9. a3 Nbd7 10. Nc3 a6 11. Nd2 Nf8 12. e4 Ne6 13. Kh1 Rb8 14. Ne2 b5 15. Qc2 Qb6 16. Rab1 Bd7 17. h3 c5 18. f4 Nd4 19. Nxd4 exd4 20. b4 cxb4 21. axb4 Rec8 22. Rfc1 Be6 23. c5 dxc5 24. bxc5 Qc7 25. Bxd4 Nxe4 26. Bxg7 Nxg3+ 27. Kh2 Qxf4 28. Bh6 Qc7 29. Kg1 Ne2+ 30. Kf1 Ng3+ 31. Kf2 Nf5 32. Ne4 Nxh6 33. Qb2 Qf4+ 34. Kg1 Qe3+ 35. Kh2 Nf5 36. Qe5 Qd4 37. Qxd4 Nxd4 38. c6 Kf8 39. Nc5 Ke7 40. Nxa6 Ra8 41. Nb4 Ra4 42. Rc3 Kd6 43. Nc2 Nxc2 44. Rxc2 b4 45. Kg3 b3 46. Rc3 Rb4 47. Rb2 g5 48. Bf3 f5 49. Bg2 f4+ 50. Kf2 h5 51. Bf3 g4 52. hxg4 hxg4 53. Be4 Rc7 54. Kg1 Bd5 55. Bxd5 Kxd5 56. Rbxb3 Rxb3 57. Rxb3 Rxc6 58. Rb4 Rc1+ 59. Kf2 Rc2+ 60. Kg1 Ke5 0-1